[Event "Early-Titled-Tuesday-Blitz-October-17-2023"]
[Site "Chess.com"]
[Date "2023.10.17"]
[Round "8"]
[White "Jojo_898"]
[Black "nitpicker"]
[Result "1-0"]
[WhiteElo "2355"]
[BlackElo "2244"]
[TimeControl "180+1"]
[EndTime "9:32:36 PDT"]
[Termination "Jojo_898 won on time"]

1. e4 c5 2. Nf3 d6 3. c3 Nf6 4.
Bd3 g6 5. O-O Bg4 6. h3 Bxf3 7.
Qxf3 Nc6 8. Bc2 Bg7 9. Rd1 Nd7 10. Qe3 e5 11. Na3 O-O 12. d3 f5 13. exf5 gxf5 14. Qg3 Kh8 15. Nc4 Nf6 16. d4 cxd4 17. Bxf5 b5 18. Nd2 Nh5 19. Qg4 Nf4 20. Ne4 d5 21.
Ng3 Bh6 22. cxd4 Nxd4 23. Bxf4 Bxf4 24. Rxd4 Bxg3 25. Qh5 Rxf5 26. Qxf5 exd4 27. fxg3 Qd6 28. Qf2 Qe5 29. Re1 Qg7 30. Rd1 Rg8 31. Rxd4 Qe5 32.
Rd3 Rd8 33. Re3 Qd6 34. Rb3 a6 35. Rf3 d4 36. Rf6 Qe7 37. Rf7 Qe3 38. Qxe3 dxe3 39. Re7 Rd2 40. Rxe3 Rxb2 41. a3 Ra2 42. g4 a5 43. Kh2 b4 44. axb4 axb4 45. Re7 b3 46. Rb7 Rb2 47. Kg3 Rb1 48. Kh4 Rb2 49. g3 Kg8 50. Kh5 1-0

[Event "Early-Titled-Tuesday-Blitz-October-17-2023"]
[Site "Chess.com"]
[Date "2023.10.17"]
[Round "8"]
[White "topin8"]
[Black "ajedrezhoy"]
[Result "1-0"]
[WhiteElo "2499"]
[BlackElo "2375"]
[TimeControl "180+1"]
[EndTime "9:32:37 PDT"]
[Termination "topin8 won on time"]

1. e4 Nf6 2. Nc3 d5 3. exd5 Nxd5 4. Bc4 Nb6 5. Bb3 c5 6. d3 Nc6 7. Nf3 Bf5 8. Nh4 Bg6 9. O-O e6 10. Nxg6 hxg6 11. h3 Nd4 12. Re1 Be7 13. Be3 Qd7 14.
Ne2 Nxb3 15. axb3 Nd5 16. Bd2 Bf6 17. Nc3 O-O 18. Ra4 Nb4 19. Ne4 Na6 20. Nxf6+ gxf6 21. Rh4 Nc7 22. Qf3 Nd5 23. c4 Nb4 24. d4 Qe7 25.
dxc5 Rfd8 26. Bxb4 a5 27. Bc3 e5 28. Rhe4 Kg7 29.
Qe3 Rac8 30. f4 Qxc5 31. Qxc5 Rxc5 32. fxe5 f5 33. R4e2 Kf8 34. Kf2 Ke7 35. Rd2 Rxd2+ 36. Bxd2 Ke6 37. Bc3 b5 38. cxb5 Rxb5 39. Ra1 Rxb3 40.
Rxa5 Rb6 41. Ke3 g5 42. g3 Rc6 43. Rb5 Ra6 44. Bd4 1-0

[Event "Early-Titled-Tuesday-Blitz-October-17-2023"]
[Site "Chess.com"]
[Date "2023.10.17"]
[Round "8"]
[White "Byniolus"]
[Black "karinachess1"]
[Result "1-0"]
[WhiteElo "2791"]
[BlackElo "2612"]
[TimeControl "180+1"]
[EndTime "9:32:38 PDT"]
[Termination "Byniolus won on time"]

1. d4 Nf6 2. Nf3 e6 3. Bf4 b6 4.
h3 Bd6 5. Bxd6 cxd6 6. e3 Bb7 7. Be2 O-O 8. O-O Nc6 9. Nbd2 d5 10. c4 dxc4 11.
Nxc4 Qe7 12. Qb3 Rfc8 13. Rfc1 d5 14. Nce5 Nxe5 15. Nxe5 Nd7 16. Nd3 Rxc1+ 17. Rxc1 Rc8 18.
Rxc8+ Bxc8 19. Qa4 Nf6 20. Ne5 Qc7 21. Qc6 Qb8 22.
g4 h6 23. f4 Bb7 24. Qc2 Ne4 25. Bd3 Nd6 26. Kf2 Qc8 27. Qd2 Qc7 28. h4 f6 29.
Ng6 a5 30. Kf3 Kf7 31. h5 Nc4 32. Qc3 Qc8 33. Ke2 b5 34. a3 a4 35. Qb4 Qe8 36.
Qc5 Bc6 37. Bxc4 dxc4 38. Kf2 Bd7 39. Qc7 Kg8 40. e4 Kf7 41. Ke3 Qc8 42. Qd6 c3 43.
Qe7+ Kg8 44. Qb4 cxb2 45. Ne7+ Kf7 46. Nxc8 1-0

[Event "Early-Titled-Tuesday-Blitz-October-17-2023"]
[Site "Chess.com"]
[Date "2023.10.17"]
[Round "8"]
[White "Karttunen"]
[Black "viktorgen2021"]
[Result "1-0"]
[WhiteElo "2579"]
[BlackElo "2413"]
[TimeControl "180+1"]
[EndTime "9:32:40 PDT"]
[Termination "Karttunen won by resignation"]

1. e4 g6 2. d4 Bg7 3. Nc3 d6 4.
f4 Nf6 5. Nf3 O-O 6. Bd3 Na6 7.
e5 Ne8 8. Be3 c5 9. dxc5 Nxc5 10. Bxc5 dxc5 11. Be4 Qa5 12. O-O Nc7 13. Qe1 Bg4 14.
Nd5 Qxe1 15. Nxe7+ Kh8 16. Raxe1 Be6 17. Rd1 Rfe8 18.
Nd5 Na6 19. a3 Rad8 20. Ne3 Bc8 21. Ng5 Kg8 22. Bd5 Rd7 23. Bc4 Rxd1 24. Bxf7+ Kh8 25. Rxd1 Rf8 26. Bc4 h6 27. Nf7+ Kh7 28. Rd8 Nc7 29. Rxf8 Bxf8 30. Nd6 Be6 31. Bxe6 Nxe6 32. g3 Bxd6 33.
exd6 Kg7 34. f5 gxf5 35. Nxf5+ Kg6 36. Ne3 Kf7 37. Kf2 Ng5 38. Nf5 Ke6 39. Nxh6 Kxd6 40. Ng4 Ke6 41. h4 Ne4+ 42. Kf3 Nd2+ 43. Ke3 Nc4+ 44. Ke4 Nxb2 45. Ne3 b5 46. g4 b4 47. axb4 cxb4 48. Kd4 a5 49. Kc5 Ke5 50. h5 Kf6 51. Kb5 Kg5 52. Kxa5 b3 53. cxb3 Nd3 54. b4 Nb2 55. b5 Nc4+ 56. Nxc4 Kh4 57. b6 Kg5 58. b7 Kh4 59. b8=Q Kg5 60. Qe5+ Kh4 61. Qf5 Kg3 62. g5 1-0

[Event "Early-Titled-Tuesday-Blitz-October-17-2023"]
[Site "Chess.com"]
[Date "2023.10.17"]
[Round "8"]
[White "pineapplepenn"]
[Black "SanchezKelvin"]
[Result "0-1"]
[WhiteElo "2408"]
[BlackElo "2565"]
[TimeControl "180+1"]
[EndTime "9:32:40 PDT"]
[Termination "SanchezKelvin won on time"]

1. d4 Nf6 2. Bf4 b6 3. Nc3 Bb7 4. f3 d5 5. e3 a6 6. Bd3 e6 7. g4 c5 8. h4 Nc6 9. h5 cxd4 10.
exd4 Nxd4 11. g5 Nd7 12. h6 e5 13. Be3 Ne6 14. hxg7 Bxg7 15. Bf5 d4 16. Ne4 Bxe4 17. fxe4 dxe3 18. Bxe6 fxe6 19. Qh5+ Ke7 20. O-O-O Qe8 21. Qh3 Qg6 22. Qxe3 h6 23. Nf3 hxg5 24. Qd3 Rhd8 25.
Qd6+ Ke8 26. Kb1 g4 27. Nh4 Qf6 28. Rhf1 Qe7 29. Qc6 Rac8 30. Qa4 Qxh4 31. Qb3 Qe7 32. Qg3 Nf6 33. Rde1 Qc7 34. c3 Qd6 35. Qh4 Ke7 36. Qg5 Rg8 37. Qg6 Rcf8 38. Rd1 Qc6 39. Qg5 Qxe4+ 40.
Ka1 Qc6 0-1

[Event "Early-Titled-Tuesday-Blitz-October-17-2023"]
[Site "Chess.com"]
[Date "2023.10.17"]
[Round "8"]
[White "cycygogne"]
[Black "JoliyRoger"]
[Result "1/2-1/2"]
[WhiteElo "2274"]
[BlackElo "2445"]
[TimeControl "180+1"]
[EndTime "9:32:40 PDT"]
[Termination "Game drawn by repetition"]

1. e4 c6 2. d4 d5 3. Nc3 dxe4 4.
Nxe4 Nf6 5. Ng3 Bg4 6. Be2 Bxe2 7. N1xe2 e6 8. O-O Nbd7 9. Re1 Be7 10. Nf4 O-O 11. Ngh5 Rc8 12. Qf3 Nxh5 13. Nxh5 Nf6 14. c3 Qd5 15. Nxf6+ Bxf6 16. Qg3 b5 17. Bf4 Rfd8 18. Be5 Bxe5 19. Rxe5 Qd7 20. Rae1 Re8 21. Rg5 f6 22. Rh5 Qf7 23. Qh3 h6 24. f4 Rcd8 25. Rc5 Rd6 26. Qf3 Qd7 27. b4 a6 28. h4 Rd5 29. h5 Rxc5 30. bxc5 Kf7 31. Qe4 Rd8 32. Qg6+ Kf8 33. g4 Qf7 34. Qe4 Re8 35.
Qxc6 f5 36. Qd6+ Kg8 37. gxf5 Qxf5 38. Qe5 Qg4+ 39. Kf2 Qh4+ 40. Kf3 Qh3+ 41. Kf2 Qh4+ 42. Kf3 Qh3+ 43. Ke2 Qxc3 44. f5 Qc2+ 45. Kf3 Qd3+ 46. Kf2 Qc2+ 47. Re2 Qc4 48. fxe6 Rf8+ 49. Kg2 Qc1 50.
Rf2 Rxf2+ 51. Kxf2 Qd2+ 52. Kf3 Qd3+ 53. Kf4 Qd2+ 54. Ke4 Qg2+ 55. Kf5 Qf3+ 56. Qf4 Qd5+ 57. Qe5 Qf3+ 58. Qf4 Qd5+ 59. Qe5 Qf3+ 1/2-1/2

[Event "Early-Titled-Tuesday-Blitz-October-17-2023"]
[Site "Chess.com"]
[Date "2023.10.17"]
[Round "8"]
[White "MdChess1734"]
[Black "Bilan_Danila"]
[Result "1-0"]
[WhiteElo "2430"]
[BlackElo "2562"]
[TimeControl "180+1"]
[EndTime "9:32:42 PDT"]
[Termination "MdChess1734 won by checkmate"]

1. e4 c6 2. d4 d5 3. Nc3 b5 4.
exd5 b4 5. Nce2 cxd5 6. Nf3 Nf6 7. Ng3 e6 8. Bd3 Bd6 9. O-O Ba6 10. Re1 Qc7 11.
Nf5 O-O 12. Nxd6 Qxd6 13. Ne5 Bxd3 14. cxd3 Nc6 15. Bf4 Nxd4 16. Ng6 Qd7 17. Nxf8 Rxf8 18. Rc1 a5 19. Rc7 Qb5 20. Be5 Nf5 21. Bxf6 gxf6 22.
Qf3 b3 23. a3 Qb6 24. Rec1 Qd4 25. Rc8 Qxb2 26. Qg4+ Ng7 27. Qg3 e5 28. Qg4 f5 29.
Qg5 f6 30. Rxf8+ Kxf8 31. Qxf6+ Ke8 32. Rc8+ Kd7 33. Qd8+ Ke6 34. Rc6+ Kf7 35. Qf6+ Ke8 36. Rc8+ Kd7 37. Rd8+ Kc7 38. Qd6+ Kb7 39. Rd7+ Ka8 40.
Qc6+ Kb8 41. Qb7# 1-0

[Event "Early-Titled-Tuesday-Blitz-October-17-2023"]
[Site "Chess.com"]
[Date "2023.10.17"]
[Round "8"]
[White "Manukyan_Artak"]
[Black "supereagles1201"]
[Result "0-1"]
[WhiteElo "2466"]
[BlackElo "2371"]
[TimeControl "180+1"]
[EndTime "9:32:42 PDT"]
[Termination "supereagles1201 won on time"]

1. e4 d6 2. d4 Nf6 3. f3 e5 4. d5 Be7 5. c4 O-O 6. Nc3 Nh5 7. Nge2 Bg5 8. g3 Bxc1 9. Nxc1 a6 10. Bd3 Nd7 11.
O-O Nc5 12. Bc2 Bh3 13. Rf2 a5 14. Nd3 Nxd3 15. Bxd3 g6 16. g4 Nf4 17. Ne2 Qh4 18. Nxf4 exf4 19. Qd2 g5 20. c5 h5 21. gxh5 f6 22. Rc1 Rfc8 23. Bf1 Bxf1 24. Kxf1 Qxh5 25.
Ke2 Kf7 26. Qd3 Qh7 27. Qb5 f5 28. Qd7+ Kg8 29. Qxf5 Qxf5 30. exf5 Kf7 31. Kd3 Kf6 32.
Re2 Kxf5 33. Re7 dxc5 34. Rxc5 Rh8 35. Rcxc7 Rxh2 36. d6 Rf2 37. d7 Rxf3+ 38. Kd4 Rd8 39. Re8 Rxd7+ 40. Rxd7 Rf1 41. Rd6 Rd1+ 42. Kc5 Rxd6 43.
Kxd6 f3 44. Rf8+ Ke4 45. Rg8 f2 46. Rf8 Ke3 47. Rf5 g4 0-1

[Event "Early-Titled-Tuesday-Blitz-October-17-2023"]
[Site "Chess.com"]
[Date "2023.10.17"]
[Round "8"]
[White "DanyKopy"]
[Black "Goryachkina"]
[Result "0-1"]
[WhiteElo "2530"]
[BlackElo "2655"]
[TimeControl "180+1"]
[EndTime "9:32:43 PDT"]
[Termination "Goryachkina won by resignation"]

1. e4 e6 2. d4 d5 3. e5 c5 4. c3 Nc6 5. Nf3 Nge7 6. dxc5 Ng6 7. Bb5 Bxc5 8. O-O O-O 9. Re1 Qb6 10. Qe2 Ngxe5 11. Nxe5 Nxe5 12. b4 Bd6 13. Bf4 Ng6 14. Bxd6 Qxd6 15. Nd2 Bd7 16. Bd3 Rac8 17. Rac1 Nf4 18.
Qe3 d4 19. cxd4 Rxc1 20. Rxc1 Nxd3 21. Qxd3 Qxb4 22. Nf3 Bc6 23. Ne5 Bd5 24. h4 f6 25.
Nd7 Rd8 26. Rc7 Qe7 27. Qb5 Bc6 28. Qc5 Qxc5 29. Nxc5 Rxd4 30. Rxg7+ Kxg7 31. Nxe6+ Kg6 32. Nxd4 Bd5 33. a3 Kh5 34. g3 Kg4 35. Kf1 f5 36.
Ke2 f4 37. gxf4 Kxh4 38. Ke3 h5 39. Nb5 a6 40. Nc7 Bf7 41. Ke4 Kg4 42. Nd5 Bxd5+ 43. Kxd5 Kxf4 0-1

[Event "Early-Titled-Tuesday-Blitz-October-17-2023"]
[Site "Chess.com"]
[Date "2023.10.17"]
[Round "8"]
[White "ChainedDowntohell"]
[Black "borocotoajua"]
[Result "1-0"]
[WhiteElo "2480"]
[BlackElo "2588"]
[TimeControl "180+1"]
[EndTime "9:32:43 PDT"]
[Termination "ChainedDowntohell won by resignation"]

1. d4 Nf6 2. c4 g6 3. Nc3 Bg7 4. e4 d6 5. Bd3 O-O 6. Nge2 Nc6 7. O-O Nh5 8. d5 Ne5 9. Be3 e6 10. f3 c6 11. Rc1 Re8 12. b3 Bd7 13. Qd2 Rc8 14.
Rfd1 Nxd3 15. Qxd3 exd5 16. exd5 c5 17. Qd2 Be5 18.
Bg5 Qa5 19. g4 Nf6 20. Kg2 a6 21. Bxf6 Bxf6 22. Ne4 Qd8 23. Nxd6 Qe7 24. Nxc8 Qxe2+ 25. Qxe2 Rxe2+ 26. Kf1 Rxa2 27. Nb6 Be8 28. d6 Bc6 29. Nd5 Bd8 30. Re1 Rxh2 31. Ne7+ Kg7 32. Nxc6 bxc6 33. Re8 Bh4 34. Rd1 Rf2+ 35. Kg1 Rxf3 36. d7 Rg3+ 37. Kh2 Rxb3 38. d8=Q Bxd8 39. Rdxd8 Rb2+ 40. Kg3 h6 41. Rd6 Rb3+ 42. Kf2 Rb2+ 43. Re2 Rb4 44.
Re4 Rb2+ 45. Kf3 Rb3+ 46. Ke2 Rb2+ 47. Kd3 Rb1 48. Rxc6 a5 49. Rxc5 a4 50. Ra5 Rb3+ 51.
Kc2 Rb4 52. Rb5 1-0

[Event "Early-Titled-Tuesday-Blitz-October-17-2023"]
[Site "Chess.com"]
[Date "2023.10.17"]
[Round "8"]
[White "GP9isback23"]
[Black "Nitzan_Steinberg"]
[Result "0-1"]
[WhiteElo "2674"]
[BlackElo "2855"]
[TimeControl "180+1"]
[EndTime "9:32:45 PDT"]
[Termination "Nitzan_Steinberg won by resignation"]

1. Nf3 d5 2. d4 Nf6 3. e3 Bg4 4.
Be2 e6 5. O-O c5 6. h3 Bxf3 7.
Bxf3 Nc6 8. c3 Be7 9. Nd2 cxd4 10. cxd4 O-O 11. a3 Nd7 12. b3 a5 13. Bb2 a4 14. b4 b5 15. Rc1 Rc8 16. Be2 Na7 17.
Bd3 Nb6 18. Qe2 Nc4 19. Nxc4 dxc4 20. Bb1 Bf6 21. Bc3 Qb6 22. Rcd1 Rfd8 23. Rd2 Rd7 24. Rfd1 Rcd8 25. Be4 g6 26. g3 Nc8 27. h4 h5 28.
Qf3 Bg7 29. Qf4 Ne7 30. Bg2 Nd5 31. Bxd5 exd5 32. Qf3 Re8 33. Re2 Re4 34. Rde1 Rde7 35. Qg2 Bh6 36. Kh2 Qf6 37. Bd2 Re8 38. f3 R4e6 39.
f4 Re4 40. Qf3 Qf5 41. Bc3 Bg7 42. Kg2 R8e6 43. Qf2 Qf6 44. Qf3 Qe7 45. Qf2 Rf6 46. Qf3 Rf5 47. Qf2 f6 48. Qf3 Qf7 49. g4 hxg4 50.
Qxg4 Kh7 51. Rh1 Rh5 52. Kf3 f5 53. Qg3 Qe8 54. Rhh2 Bf6 55. Be1 Re7 56. Qg1 Rg7 57. Reg2 Qe4+ 58. Ke2 Qd3+ 59. Kf3 Qxa3 60. Rg5 Qd3 61. Qg2 Re7 62. Kf2 Qxe3+ 0-1

[Event "Early-Titled-Tuesday-Blitz-October-17-2023"]
[Site "Chess.com"]
[Date "2023.10.17"]
[Round "8"]
[White "Witty_Alien"]
[Black "tarno17"]
[Result "1-0"]
[WhiteElo "2239"]
[BlackElo "2117"]
[TimeControl "180+1"]
[EndTime "9:32:46 PDT"]
[Termination "Witty_Alien won by checkmate"]

1. e4 c5 2. Nf3 e6 3. d4 cxd4 4. Nxd4 a6 5. Nc3 Qc7 6. Bd3 Nc6 7. Be3 b5 8. O-O Bb7 9. f4 d6 10. f5 e5 11. Nd5 Qd8 12. Nxb5 axb5 13. Bb6 Qd7 14.
f6 Rc8 15. Bxb5 Qe6 16. a4 Nxf6 17. Rxf6 gxf6 18. a5 Bh6 19. a6 Ba8 20. a7 O-O 21. Qh5 Bg7 22. Ra3 f5 23. Rg3 Kh8 24. Bc4 Qh6 25.
Qxf5 Nd4 26. Bxd4 Rxc4 27. Be3 Qh4 28. Bf2 Bxd5 29. Rh3 Qxh3 30. Qxh3 Bxe4 31. Qb3 Rxc2 32. Qb8 Rc1+ 33. Be1 Rxe1+ 34. Kf2 Ra1 35. Qxd6 Rxa7 36. b4 Bg6 37. h4 Ra2+ 38. Kg1 Bf5 39. g4 Bxg4 40. h5 Ra1+ 41. Kg2 Bxh5 42. b5 Bg6 43. b6 Rb1 44. Qc6 Rb4 45. Qc5 Rg4+ 46. Kh3 Rf4 47. b7 Bf5+ 48. Kg3 Bf6 49. Qxf8# 1-0

[Event "Early-Titled-Tuesday-Blitz-October-17-2023"]
[Site "Chess.com"]
[Date "2023.10.17"]
[Round "8"]
[White "venturov"]
[Black "Keeper0416"]
[Result "0-1"]
[WhiteElo "2459"]
[BlackElo "2603"]
[TimeControl "180+1"]
[EndTime "9:32:48 PDT"]
[Termination "Keeper0416 won by resignation"]

1. e4 e5 2. Nf3 Nf6 3. Nxe5 Nc6 4. Nxc6 dxc6 5. Nc3 Bc5 6. Be2 h5 7. d3 Ng4 8. Bxg4 hxg4 9. Qe2 Bd4 10. Be3 c5 11.
Nd1 Be6 12. c3 Bxe3 13. Nxe3 Qg5 14. b3 Qe5 15. Kd2 Rxh2 16. Rxh2 Qxh2 17. Nxg4 Qxg2 18. Ne3 Qg5 19. Kc2 O-O-O 20. Rd1 Qf4 21. Rg1 g6 22. Rh1 a6 23. Rh7 Kb8 24. Rh1 Ka7 25. Qd2 Qf3 26.
Rg1 c6 27. a4 a5 28. Kb2 b6 29.
Kc2 Rd7 30. Rg3 Qf4 31. Nc4 Qc7 32. Ne3 Qe5 33. Nc4 Bxc4 34. bxc4 f5 35. f4 Qe6 36. e5 b5 37. axb5 cxb5 38. Qg2 bxc4 39. Rxg6 cxd3+ 40. Kc1 Qb3 41. Ra6+ Kxa6 42. Qa8+ Kb6 43.
Qb8+ Rb7 44. Qd8+ Ka6 45. Qxd3+ Qb5 46. Qd6+ Qb6 47. Qd3+ Ka7 48. e6 Qb2+ 49. Kd1 Qb1+ 50. Qxb1 Rxb1+ 51. Kd2 Rb6 52. Kd3 Rxe6 53. Kc4 Re4+ 54.
Kxc5 Rxf4 55. Kd5 a4 56. Ke5 Rc4 57. Kxf5 Rxc3 58. Ke4 a3 59. Kd4 Rh3 0-1

[Event "Early-Titled-Tuesday-Blitz-October-17-2023"]
[Site "Chess.com"]
[Date "2023.10.17"]
[Round "8"]
[White "ivana_999"]
[Black "victormago"]
[Result "0-1"]
[WhiteElo "2090"]
[BlackElo "2468"]
[TimeControl "180+1"]
[EndTime "9:32:49 PDT"]
[Termination "victormago won by resignation"]

1. d4 Nf6 2. c4 c5 3. d5 e6 4. Nc3 exd5 5. cxd5 d6 6. e4 g6 7. f4 Bg7 8. Bb5+ Nfd7 9. Nf3 O-O 10. O-O a6 11. Bd3 b5 12. Re1 Re8 13. Be3 Nf6 14. Bf2 Bg4 15. h3 Bxf3 16. Qxf3 Nbd7 17. Bh4 Qb6 18. Kh1 c4 19. Bc2 b4 20. Na4 Qb5 21. b3 c3 22. Bf2 Qb7 23. Bd4 Re7 24. Re2 Rae8 25. Rae1 Nh5 26. Bxg7 Nxg7 27. Bd3 a5 28. g4 Nb6 29. Bb5 Rd8 30. Bc6 Qc7 31. e5 Qb8 32.
exd6 Rxe2 33. Qxe2 Nxa4 34. Bxa4 Qxd6 35. Bc6 Qxf4 36. Qe5 Qf3+ 37. Kh2 Qf2+ 38. Kh1 Qf3+ 39. Kh2 Ne6 40. Re3 Qf2+ 41. Kh1 Nf4 42. d6 Qf1+ 43.
Kh2 Qf2+ 44. Kh1 Ne6 45. Bd5 Qf1+ 46. Kh2 Qf2+ 47. Kh1 Nf8 48. Qe7 Rd7 49. Bxf7+ Qxf7 50. Qxf7+ Kxf7 51. Re7+ Rxe7 52. dxe7 Kxe7 53. Kg2 Kd6 54.
Kf3 Ke5 55. Ke2 Ne6 0-1

[Event "Early-Titled-Tuesday-Blitz-October-17-2023"]
[Site "Chess.com"]
[Date "2023.10.17"]
[Round "8"]
[White "masterofpuppets2"]
[Black "azikom"]
[Result "1/2-1/2"]
[WhiteElo "2519"]
[BlackElo "2622"]
[TimeControl "180+1"]
[EndTime "9:32:51 PDT"]
[Termination "Game drawn by repetition"]

1. d4 d5 2. c4 c6 3. Nf3 Nf6 4. Nc3 dxc4 5. a4 Bg4 6. Ne5 Bh5 7. f3 Nfd7 8. Nxc4 e5 9. e4 Qh4+ 10. g3 Qf6 11. dxe5 Qxf3 12. Qxf3 Bxf3 13. Rg1 Na6 14. Be3 Nb4 15. Kf2 Bh5 16. Rc1 Be7 17. Be2 Bxe2 18. Kxe2 O-O 19. Rgd1 Nc5 20. Bxc5 Bxc5 21. Rd7 b6 22. Nd6 Rad8 23. Rxd8 Rxd8 24. Rd1 Kf8 25. Rd2 g6 26. Kf3 Ke7 27. Ne2 Bxd6 28. exd6+ Rxd6 29. Rd4 c5 30. Rxd6 Kxd6 31. Nc3 a6 32. Kf4 f6 33.
Ke3 Nc2+ 34. Kd3 Nd4 35. Nd5 b5 36. axb5 axb5 37. Nxf6 h5 38. Nd5 Nf3 39. Nf4 Ne5+ 40. Kd2 c4 41. Kc3 Kc5 42. Ne6+ Kd6 43. Nf4 Kc6 44.
Ne6 Ng4 45. h4 Nf2 46. Kd4 Nd3 47. b3 Nb2 48. bxc4 Nxc4 49. Nf4 Nd6 50. Nxg6 b4 51.
Ne5+ Kb5 52. Nd3 b3 53. Kd5 Nc4 54. e5 Ne3+ 55. Ke4 Ng4 56. e6 Kc4 57. e7 Nf6+ 58.
Ke5 Ne8 59. Nb2+ Kc3 60. Na4+ Kb4 61. Nb2 Kc3 62. Na4+ Kb4 63. Nb2 Kc3 1/2-1/2

[Event "Early-Titled-Tuesday-Blitz-October-17-2023"]
[Site "Chess.com"]
[Date "2023.10.17"]
[Round "8"]
[White "NM_Antelacus"]
[Black "KIEV-1"]
[Result "0-1"]
[WhiteElo "2083"]
[BlackElo "2286"]
[TimeControl "180+1"]
[EndTime "9:32:51 PDT"]
[Termination "KIEV-1 won on time"]

1. e4 c5 2. Nf3 d6 3. d4 cxd4 4.
Nxd4 Nf6 5. Nc3 a6 6. f3 e6 7. Be3 Nc6 8. Qd2 Nxd4 9. Bxd4 b5 10. a3 Bb7 11. O-O-O Rc8 12. Kb1 Qa5 13. g4 b4 14. Na2 d5 15. e5 Nd7 16. Nxb4 Be7 17.
h4 O-O 18. f4 Rb8 19. Bd3 Rfc8 20. f5 Bc6 21. c3 Ba4 22. Rdf1 Bb5 23. g5 Nc5 24. f6 Bxd3+ 25. Nxd3 Nxd3 26. Qxd3 Bxa3 27. Rh2 Bxb2 28. Rxb2 Rxb2+ 29. Kxb2 Rb8+ 30. Kc1 Qa2 31. Qc2 Qa3+ 32. Kd1 Rb2 33. Qc1 Qb3+ 34. Ke1 Rb1 35. Qxb1 Qxb1+ 36. Ke2 Qe4+ 37. Kd2 Qxh4 38. Ra1 Qxg5+ 39.
Kc2 Qf5+ 40. Kb2 gxf6 41. exf6 e5 42. Rg1+ Kf8 43. Bc5+ Ke8 44. Be7 d4 45. Rg8+ Kd7 46. Rd8+ Kc7 47. cxd4 exd4 48. Kb3 Qd3+ 49. Kb4 Qb5+ 50.
Ka3 Qc4 51. Kb2 Qc3+ 52. Ka2 d3 0-1

[Event "Early-Titled-Tuesday-Blitz-October-17-2023"]
[Site "Chess.com"]
[Date "2023.10.17"]
[Round "8"]
[White "garicradomir"]
[Black "Treasurechess777"]
[Result "1-0"]
[WhiteElo "2328"]
[BlackElo "2442"]
[TimeControl "180+1"]
[EndTime "9:32:52 PDT"]
[Termination "garicradomir won by resignation"]

1. e4 Nf6 2. e5 Nd5 3. Nf3 Nb6 4. a4 a5 5. d4 d5 6. Bb5+ c6 7. Bd3 Bg4 8. h3 Bxf3 9. Qxf3 e6 10. O-O c5 11. dxc5 N6d7 12. Nc3 Nc6 13. Bf4 Ndxe5 14. Bxe5 Nxe5 15. Bb5+ Nc6 16. Rfe1 Be7 17. Rad1 O-O 18.
Ne2 Bxc5 19. c4 d4 20. Bxc6 bxc6 21. Qxc6 Rc8 22. Qf3 Qb6 23. b3 Bb4 24. Rf1 e5 25. g4 Qe6 26. Ng3 g6 27. g5 f5 28. gxf6 Rxf6 29.
Qg4 Qxg4 30. hxg4 Rf4 31. f3 Rcf8 32. Kg2 Rb8 33. Rd3 Bc3 34. Rb1 Rf7 35. Ne4 Rfb7 36. Nc5 Rc7 37. Na6 Rcb7 38. Nxb8 Rxb8 39. Kf2 Kf7 40.
Ke2 Kf6 41. Rxc3 dxc3 42. Kd3 Kg5 43. Kxc3 Kf4 44. Rf1 Rb7 45. c5 Kg3 46. Kc4 Kg2 47. Rb1 Kxf3 48. c6 Rc7 49. Kd5 e4 50. Kd6 Rc8 51.
Kd7 Rh8 52. g5 e3 53. c7 e2 54. c8=Q Rxc8 55. Kxc8 Kf2 56. Kb7 e1=Q 57. Rxe1 Kxe1 58. Ka6 Kf2 59. Kxa5 Kf3 60. b4 Kg4 61. b5 Kxg5 62. b6 h5 63. b7 h4 64. b8=Q Kg4 65. Qh2 g5 66. Kb4 Kf3 67. Qh3+ Kf4 68. Qf1+ Kg4 69. a5 h3 70. a6 h2 71. a7 Kg3 72.
a8=Q g4 1-0

[Event "Early-Titled-Tuesday-Blitz-October-17-2023"]
[Site "Chess.com"]
[Date "2023.10.17"]
[Round "8"]
[White "amelia91"]
[Black "Masterbeaterr"]
[Result "0-1"]
[WhiteElo "2188"]
[BlackElo "2430"]
[TimeControl "180+1"]
[EndTime "9:32:52 PDT"]
[Termination "Masterbeaterr won on time"]

1. d4 d5 2. Bf4 c5 3. e3 cxd4 4.
exd4 Nc6 5. Nf3 e6 6. Bd3 Nf6 7.
Nbd2 Be7 8. c3 O-O 9. O-O a6 10. h3 b5 11. Ne5 Nxe5 12. dxe5 Nd7 13. Re1 Nc5 14. Bc2 a5 15. Qh5 g6 16. Qg4 b4 17. Nf3 bxc3 18. bxc3 Ba6 19. Bh6 Re8 20. Ng5 Bd3 21. Bxd3 Nxd3 22. Re3 Nc5 23. h4 Bf8 24. Bxf8 Rxf8 25. h5 h6 26. Nf3 g5 27. Nd4 f5 28. exf6 Qxf6 29. Rf1 Rae8 30. Ne2 e5 31. Rf3 Qe6 32. Rxf8+ Rxf8 33. Qg3 Ne4 34. Qe3 Qf6 35. f3 Nd6 36. Qd3 Qe6 37. Rd1 e4 38. fxe4 Nxe4 39. Qxd5 Qxd5 40. Rxd5 Rf2 41. Nd4 Rxa2 42. Re5 Nxc3 43.
Re6 Kg7 44. Rg6+ Kh7 45. Ne6 Ne4 46. Rg7+ Kh8 47. Re7 Ra1+ 48. Kh2 Nf6 49. Nf8 Nxh5 50. Ng6+ Kg8 51. Ra7 Nf4 52. g3 Ra2+ 53. Kh1 Nxg6 0-1

[Event "Early-Titled-Tuesday-Blitz-October-17-2023"]
[Site "Chess.com"]
[Date "2023.10.17"]
[Round "8"]
[White "LUISMIGUELOV"]
[Black "PoXerStar"]
[Result "1/2-1/2"]
[WhiteElo "2177"]
[BlackElo "2420"]
[TimeControl "180+1"]
[EndTime "9:32:52 PDT"]
[Termination "Game drawn by repetition"]

1. d4 Nf6 2. c3 c5 3. dxc5 e6 4. Be3 Ng4 5. Bf4 Bxc5 6. e3 Nf6 7. Nf3 d5 8. Bd3 O-O 9. O-O Nc6 10. Qc2 h6 11. Nbd2 Re8 12. Nb3 Bb6 13. Nbd4 Bd7 14.
Ne5 Nxe5 15. Bxe5 Rc8 16. Qe2 Bc6 17. Rad1 Nd7 18. Bg3 Ba4 19. b3 Bc6 20. Nxc6 Rxc6 21. c4 dxc4 22. Bxc4 a6 23. h3 Qc8 24. Bd3 Nf6 25.
Be5 Nd5 26. Bb1 Bc7 27. Bb2 Bb8 28. Qd3 f5 29. e4 Nc3 30. exf5 Nxb1 31. Qxb1 exf5 32.
Rfe1 Rce6 33. Rxe6 Rxe6 34. g3 Qc7 35. Rc1 Qd7 36. Rd1 Qe8 37. Qd3 Rd6 38. Qc2 Rxd1+ 39. Qxd1 f4 40. Qd5+ Kh8 41. Qd2 Qf8 42. gxf4 Bxf4 43.
Qe2 Bg5 44. Qg4 Bf6 45. Bxf6 Qxf6 46. Qc8+ Kh7 47. Qxb7 Qa1+ 48. Kg2 Qxa2 49. Qe4+ Kg8 50. Qe8+ Kh7 51. Qe4+ Kh8 52. Qe8+ Kh7 53. Qe4+ 1/2-1/2

[Event "Early-Titled-Tuesday-Blitz-October-17-2023"]
[Site "Chess.com"]
[Date "2023.10.17"]
[Round "8"]
[White "falzehope0"]
[Black "pinguino120"]
[Result "1-0"]
[WhiteElo "2331"]
[BlackElo "2211"]
[TimeControl "180+1"]
[EndTime "9:32:52 PDT"]
[Termination "falzehope0 won by resignation"]

1. d4 Nf6 2. e3 d5 3. Bd3 c5 4. c3 Nc6 5. f4 g6 6. Ne2 Bg7 7. Nd2 O-O 8. O-O Bf5 9. Bxf5 gxf5 10. Ng3 e6 11. Nf3 Ne4 12. Nxe4 dxe4 13. Ne5 Bxe5 14.
fxe5 Qg5 15. Qe2 Kh8 16. b3 Rg8 17. Ba3 cxd4 18. cxd4 Ne7 19. Bxe7 Qxe7 20. Rac1 Rac8 21. Qh5 Rcf8 22. Rc4 Rg5 23. Qe2 Rfg8 24. Rf2 Qa3 25. Qc2 Qa5 26. Qc3 Qa3 27. Rc7 Qf8 28. Rxb7 Qg7 29.
Qc2 h5 30. Rxa7 h4 31. Rc7 h3 32. Rc8 Rxc8 33. Qxc8+ Kh7 34. g3 Rxg3+ 35. hxg3 Qxg3+ 36. Kf1 h2 37. Rxh2+ Qxh2 38. Qe8 Qh3+ 39. Ke1 Qxe3+ 40. Kd1 Qd3+ 41. Kc1 Kg6 42. Qg8+ Kh5 43. Qg1 Qc3+ 44. Kb1 Qd3+ 45. Kc1 e3 46. Qd1+ Qxd1+ 47. Kxd1 f4 48. Ke2 Kg5 49. b4 Kf5 50. b5 Ke4 51. b6 f3+ 52. Kd1 e2+ 53. Kd2 f2 54. Kxe2 f1=Q+ 55. Kxf1 Kxd4 56. b7 Kxe5 57. b8=Q+ Kd4 58. a4 1-0

[Event "Early-Titled-Tuesday-Blitz-October-17-2023"]
[Site "Chess.com"]
[Date "2023.10.17"]
[Round "8"]
[White "Ariadna_Atreides"]
[Black "emeli_chess"]
[Result "0-1"]
[WhiteElo "2201"]
[BlackElo "2409"]
[TimeControl "180+1"]
[EndTime "9:32:53 PDT"]
[Termination "emeli_chess won by resignation"]

1. d4 Nf6 2. Nf3 d5 3. e3 c5 4. Bd3 cxd4 5. exd4 Nc6 6. h3 e6 7. c3 Bd6 8. O-O h6 9. Re1 O-O 10. Nbd2 a6 11. a4 Bd7 12. Nf1 Na5 13. Ne3 Qc7 14. Ng4 Nxg4 15. hxg4 Bf4 16. Ne5 Bxc1 17. Rxc1 Nc4 18.
Nxc4 dxc4 19. Bc2 Bc6 20. g5 Qf4 21. gxh6 Qxh6 22. Re3 f5 23. Qe2 Rf6 24. Re1 Rg6 25. Rg3 Rxg3 26. fxg3 Bd5 27. g4 fxg4 28. Qxg4 Rf8 29.
Be4 Rf4 30. Qg6 Qxg6 31. Bxg6 Rg4 32. Bh5 Rxg2+ 33. Kf1 Rxb2 34. Bg4 Kf7 35. Re3 Rd2 36. Bh5+ Kf6 37. Be2 Kf5 38. Rh3 Ra2 39. Kf2 Rxa4 40. Ke3 Kf6 41. Rh8 Ra3 42. Rf8+ Ke7 43. Rg8 Rxc3+ 44.
Kd2 Kf7 45. Rc8 Rb3 46. Bxc4 Bxc4 47. Rxc4 Kf6 48. Rc7 g5 49. Rd7 Kf5 50. d5 exd5 51.
Rxd5+ Kf4 52. Rd7 g4 53. Rf7+ Kg3 54. Ke2 a5 55. Rf5 a4 0-1